 Dungeon Crawl Stone Soup version 0.24.0-125-gc4c63601f3 (webtiles) character file.

Game seed: 1308770511434176179, levelgen mode: deterministic

115651 nightchill the Bludgeoner (level 16, -2/108 HPs)
             Began as a Gargoyle Gladiator on Feb 17, 2020.
             Was a High Priest of Okawaru.
             Hit by a javelin thrown by a merfolk javelineer (6 damage)
             ... on level 3 of the Shoals on Feb 20, 2020.
             The game lasted 01:53:39 (31846 turns).

nightchill the Bludgeoner (Gargoyle Gladiator)     Turns: 31846, Time: 01:53:40

Health: -2/108     AC: 38    Str: 30    XL:     16   Next: 69%
Magic:  23/23      EV: 11    Int:  9    God:    Okawaru [*****.]
Gold:   2238       SH:  0    Dex: 11    Spells: 13/15 levels left

rFire    . . .     SeeInvis .   k - +10 dire flail "Poqem" {drain, MR++ Str+5}
rCold    . . .     Gourm    .   (shield currently unavailable)
rNeg     + + .     Faith    .   Z - +7 plate armour "Ypetaibaf" {rN+ Slay+5}
rPois    ∞         Spirit   .   S - +0 hat {MR+}
rElec    +         Reflect  .   y - +0 cloak {rPois}
rCorr    .         Harm     .   m - +1 pair of gloves
MR       ++++.                  r - +2 pair of boots {Fly}
Stlth    ..........             (no amulet)
HPRegen  0.28/turn              p - +2 ring of slaying
MPRegen  0.18/turn              h - +5 ring of slaying

@: marked, flying, invisible
A: big wings, negative energy resistance 1, electricity resistance, unbreathing,
petrification resistance, rot immunity, AC +12
a: Stop Flying, Heroism, Finesse, Renounce Religion


You were on level 3 of the Shoals.
You worshipped Okawaru.
Okawaru was extremely pleased with you.
You were not hungry.

You visited 5 branches of the dungeon, and saw 26 of its levels.
You also visited: Sewer, Bailey and Ice Cave.

You collected 2238 gold pieces.

Inventory:

Hand Weapons
 k - the +10 dire flail "Poqem" (weapon) {drain, MR++ Str+5}
   (Okawaru gifted it to you on level 1 of the Shoals)

   A truly terrible weapon, it drains the life of those it strikes.
   It affects your strength (+5).
   It affects your resistance to hostile enchantments.
 L - a +2 great mace of draining
 O - a +1 great mace of venom
 U - a +0 fustibalus
Missiles
 i - 638 stones (quivered)
 u - 562 arrows
 N - 47 sling bullets
Armour
 l - a +0 buckler of fire resistance
 m - a +1 pair of gloves (worn)
 r - a +2 pair of boots of flying (worn)
 y - a +0 cloak of poison resistance (worn)
 I - a +0 shield
 S - a +0 hat of magic resistance (worn)
 Z - the +7 plate armour "Ypetaibaf" (worn) {rN+ Slay+5}
   (You found it on level 13 of the Dungeon)

   It affects your accuracy and damage with ranged weapons and melee attacks
   (+5).
   It protects you from negative energy.
Jewellery
 h - a +5 ring of slaying (right hand)
 j - a cursed ring of attention {unknown}
 n - an uncursed amulet of harm {unknown}
 p - a +2 ring of slaying (left hand)
 x - an uncursed ring of protection from cold
 G - an uncursed ring of resist corrosion
Wands
 a - a wand of scattershot (5)
 d - a wand of acid (6)
 t - a wand of iceblast (29)
 v - a wand of polymorph (11)
 K - a wand of digging (14)
 M - a wand of paralysis (18)
 Y - a wand of disintegration (20)
Scrolls
 b - a scroll of silence
 c - 5 scrolls of remove curse
 e - 11 scrolls of teleportation
 o - 5 scrolls of magic mapping
 q - a scroll of fear
 s - 2 scrolls of fog
 z - 7 scrolls of enchant armour
 A - a scroll of identify
 H - 2 scrolls of acquirement
 J - a scroll of enchant weapon
 W - a scroll of amnesia
 X - a scroll of immolation
Potions
 g - 9 potions of curing
 w - 3 potions of haste
 B - 3 potions of resistance
 D - 4 potions of might
 E - a potion of magic {unknown}
 P - 3 potions of cancellation
 Q - 3 potions of lignification
 R - a potion of invisibility
 V - 2 potions of agility
Miscellaneous
 C - a phial of floods
Comestibles
 f - 33 rations


   Skills:
 + Level 15.4 Fighting
 * Level 19.2 Maces & Flails
 - Level 1.7 Throwing
 + Level 6.7 Armour
 - Level 8.3 Dodging
 + Level 1.1 Transmutations
 - Level 10.0 Invocations
 + Level 6.3 Evocations


You had 13 spell levels left.
You knew the following spells:

 Your Spells              Type           Power        Failure   Level  Hunger
a - Sticks to Snakes      Tmut           #.......     98%         2    ###....

Your spell library contained the following spells:

 Spells                   Type           Power        Failure   Level  Hunger
 Beastly Appendage        Tmut           #.....       92%         1    ##.....
 Animate Skeleton         Necr           N/A          98%         1    ##.....
 Apportation              Tloc           #.....       98%         1    ##.....
 Confusing Touch          Hex            #.....       98%         1    ##.....
 Infusion                 Chrm           #...         98%         1    ##.....
 Pain                     Necr           #...         98%         1    ##.....
 Summon Small Mammal      Summ           #...         98%         1    ##.....
 Call Imp                 Summ           #.......     99%         2    ###....
 Shroud of Golubria       Chrm/Tloc      #.....       99%         2    ###....
 Song of Slaying          Chrm           #.......     99%         2    ###....
 Call Canine Familiar     Summ           #.......     100%        3    ####...
 Confuse                  Hex            #.......     100%        3    ####...
 Gell's Gravitas          Tloc           #.........   100%        3    ####...
 Regeneration             Chrm/Necr      #.........   100%        3    ####...
 Spectral Weapon          Hex/Chrm       #.......     100%        3    ####...
 Spider Form              Tmut/Pois      #.........   100%        3    ####...
 Static Discharge         Conj/Air       #.......     100%        3    ####...
 Summon Guardian Golem    Hex/Summ       #.......     100%        3    ####...
 Vampiric Draining        Necr           #.........   100%        3    ####...
 Animate Dead             Necr           N/A          100%        4    #####..
 Ice Form                 Ice/Tmut       #.......     100%        4    #####..
 Leda's Liquefaction      Hex/Erth       #.........   100%        4    #####..
 Petrify                  Tmut/Erth      #.......     100%        4    #####..
 Summon Ice Beast         Ice/Summ       #.......     100%        4    #####..
 Summon Lightning Spire   Summ/Air       #.......     100%        4    #####..
 Blade Hands              Tmut           #.........   100%        5    ######.
 Bolt of Magma            Conj/Fire/Erth #.........   100%        5    ######.
 Lightning Bolt           Conj/Air       #.........   100%        5    ######.
 Metabolic Englaciation   Hex/Ice        #.........   100%        5    ######.
 Silence                  Hex/Air        #.........   100%        5    ######.
 Yara's Violent Unravell  Hex/Tmut       #.........   100%        5    ######.
 Bolt of Cold             Conj/Ice       #.........   100%        6    #######
 Conjure Ball Lightning   Conj/Air       #.........   100%        6    #######
 Deflect Missiles         Chrm/Air       #.........   100%        6    #######
 Freezing Cloud           Conj/Ice/Air   #.........   100%        6    #######
 Iron Shot                Conj/Erth      #.........   100%        6    #######
 Ozocubu's Refrigeration  Ice            #.........   100%        6    #######
 Simulacrum               Ice/Necr       #.........   100%        6    #######
 Ignition                 Fire           #.........   100%        8    #######
 Shatter                  Erth           #.........   100%        9    #######
 Tornado                  Air            #.........   100%        9    #######
 Statue Form              Tmut/Erth      Unusable     N/A         6    N/A

Dungeon Overview and Level Annotations

Branches:
Dungeon (15/15)            Temple (0/1) D:5            Lair (5/6) D:10
 Shoals (3/4) Lair:2        Snake (1/4) Lair:4          Orc (2/2) D:11
 Vaults (0/5) D:13          Sewer (visited)          Bailey (visited)
  IceCv (visited)
  Slime: Lair:5-6       Elf: Orc:2       Depths: D:15

Altars:
Gozag
Okawaru
Qazlal
Uskayaw
Yredelemnul
Zin

Shops:
D:4 :   D:6 ?(   Orc:1 *   Orc:2 ((}[

Annotations:
D:3 2 transporters, KrasnyyBoyets's ghost, amateur HaAs
D:4 exclusion: downstairs
D:8 exclusion: 2 downstairs
D:9 !unique, Erolcha
D:10 1 exclusion
D:11 exclusions: downstairs and electric eel
Lair:3 exclusion: electric eel
Lair:4 3 runed translucent doors, Aricsoirch's ghost, journeyman GrFi
Shoals:2 3 runed translucent doors, exclusion: obsidian statue, Meoqees's ghost, adept MiFi


Innate Abilities, Weirdness & Mutations

You are resistant to torment.
Your stone body is resilient. (AC +12)
You are immune to poison.
Your large and strong wings let you fly indefinitely.
You resist negative energy. (rN+)
You are resistant to electric shocks. (rElec)
You can survive without breathing.
You are immune to petrification.
You are immune to rotting.


Message History

The javelin pierces through you!
* * * LOW HITPOINT WARNING * * *
You hear a splash.
The merfolk javelineer hits you but does no damage.
The merfolk javelineer throws a javelin.
The javelin barely misses you.
The merfolk javelineer throws a javelin.
The javelin barely misses you.
You hear a splash.
The merfolk javelineer throws a javelin.
The javelin pierces through you.
* * * LOW HITPOINT WARNING * * *
You hear a splash.
You see here a javelin.
You fade into invisibility!
The water nymph points at you and mumbles some strange words.
* * * LOW HITPOINT WARNING * * *
The merfolk javelineer throws a javelin.
The javelin pierces through you.
You die...

≈≈≈≈≈≈≈≈≈≈≈≈c≈≈≈≈≈≈≈≈ ≈≈≈≈
≈≈≈≈≈≈≈≈≈≈≈≈m≈≈≈≈≈≈≈≈ ≈≈≈≈
≈≈≈≈≈≈≈≈≈≈≈≈≈≈≈≈≈≈≈≈≈≈≈≈≈≈≈≈
≈≈≈≈≈≈≈≈)≈≈≈≈≈≈≈≈≈≈≈≈≈≈≈≈≈≈≈
≈≈≈≈≈≈≈≈mm##≈≈≈≈≈≈≈.≈≈≈≈≈.≈≈
≈≈≈≈≈≈≈)≈≈..≈≈≈≈≈≈≈.≈≈≈≈....
≈≈≈≈≈≈≈≈≈≈≈≈((≈..≈≈.≈≈≈.# #.
≈≈≈≈≈≈≈≈≈≈≈≈≈.###...≈...# ##
≈≈≈≈≈≈≈≈(≈≈≈@≈.(##...≈≈..# #
≈≈≈≈≈≈≈≈≈≈≈≈≈≈≈....≈≈.≈...## #
≈≈≈≈≈≈≈≈≈≈≈≈≈≈≈≈.(.≈≈...#..##
≈≈≈≈≈≈≈≈≈≈≈≈≈≈.(≈.##..###...##
≈≈≈≈≈≈≈≈≈≈≈≈≈≈≈≈≈≈##.## ##...#
≈≈≈≈≈≈≈≈≈≈≈≈≈≈≈...##..###.≈≈.#
≈≈≈≈≈≈≈≈≈≈≈≈≈≈≈..##....##.≈≈.)
≈≈≈≈≈≈≈≈≈≈≈≈≈≈≈..........≈≈≈≈)
≈≈≈≈≈≈≈≈≈≈≈≈≈.........≈≈≈≈≈≈≈≈


You could see 2 merfolk javelineers and a water nymph.

Vanquished Creatures
  Jorgrun (Orc:1)
  A titan (Shoals:1)
  Polyphemus (Shoals:2)
  Gastronok (Lair:2)
  A frost giant (Shoals:1)
  Nessos (D:14)
  A merfolk javelineer (Shoals:3)
  An ettin (D:12)
  A yaktaur captain (D:13)
  Josephine (D:14)
  2 merfolk impalers (Shoals:3)
  10 hydras
  Harold (Lair:2)
  A vault guard (D:13)
  An alligator snapping turtle (Shoals:3)
  3 centaur warriors
  2 merfolk avatars
  A catoblepas (Shoals:2)
  A death knight (D:14)
  4 merfolk aquamancers (Shoals:1)
  2 satyrs
  3 death yaks (Shoals:2)
  6 two-headed ogres
  A tengu warrior (D:13)
  A naga sharpshooter (Snake:1)
  A deep troll earth mage (D:13)
  3 orc high priests (Orc:2)
  Nergalle (Lair:3)
  A skeletal warrior (D:14)
  A fire crab (Shoals:1)
  3 unseen horrors
  5 sea snakes
  A phantasmal warrior (D:14)
  Pikel (D:9)
  A harpy (shapeshifter) (D:14)
  4 ugly things
  7 orc knights
  11 fauns
  6 orc sorcerers
  7 merfolk sirens
  8 manticores
  A centaur zombie (D:15)
  2 deep elf magi
  3 water nymphs (Shoals:2)
  6 cyclopes
  7 black mambas
  Psyche (D:10)
  3 ice statues (IceCv)
  2 gargoyles
  5 spiny frogs
  2 rime drakes (Lair:5)
  A kobold demonologist (D:14)
  3 komodo dragons
  An efreet (D:13)
  2 tengu conjurers (D:13)
  15 merfolk
  7 trolls
  2 wind drakes
  A hornet (D:8)
  3 polar bears (Lair:2)
  18 blink frogs
  9 hippogriffs
  4 snapping turtles
  A harpy skeleton (D:14)
  7 dream sheep
  A raiju (shapeshifter) (D:14)
  A spriggan (D:7)
  A shadow (D:11)
  7 wraiths
  36 yaks
  14 water elementals
  3 fire bats
  A basilisk (Lair:2)
  3 wyverns
  2 hungry ghosts
  6 vampire mosquitoes
  3 wargs
  2 nagas
  A soldier ant (D:15)
  10 water moccasins
  2 acid dragons
  7 porcupines
  7 black bears
  2 hornet zombies
  A slave (D:9)
  An eye of draining (D:14)
  Purgy (Sewer)
  7 ice beasts
  21 orc warriors
  3 phantoms
  2 sky beasts
  6 ogres
  4 wolves
  10 centaurs
  9 crocodiles
  6 big kobolds
  28 bullfrogs
  2 gnoll sergeants
  A scorpion (D:12)
  2 wyvern skeletons
  25 wights
  6 howler monkeys
  8 crimson imps
  4 jellies
  2 bullfrog zombies
  14 orc priests
  6 hounds
  2 bullfrog skeletons
  4 centaur skeletons
  7 hell rats (Lair:5)
  5 iguanas
  22 orc wizards
  13 worker ants
  A hound zombie (D:5)
  A hound skeleton (D:5)
  6 gnolls
  A howler monkey skeleton (D:2)
  13 adders
  2 shadow imps
  3 oozes
  An adder skeleton (D:6)
  3 adder zombies (D:5)
  8 worms
  2 dart slugs (D:4)
  8 leopard geckos
  79 orcs
  7 giant cockroaches
  10 goblins
  6 hobgoblins
  9 jackals
  5 bats
  3 frilled lizards
  23 kobolds
  A quokka zombie (D:7)
  4 rats
  A bush (D:12)
  4 plants
748 creatures vanquished.

Vanquished Creatures (others)
  An orc (D:12)
  A fungus (Lair:4)
  7 plants
9 creatures vanquished.

Grand Total: 757 creatures vanquished

Notes
Turn   | Place    | Note
-------+----------+-------------------------------------------
     0 | D:1      | nightchill the Gargoyle Gladiator began the quest for the
                  | Orb.
     0 | D:1      | Reached XP level 1. HP: 12/12 MP: 1/1
   313 | D:1      | Reached XP level 2. HP: 18/18 MP: 2/2
  1021 | D:2      | Reached XP level 3. HP: 22/22 MP: 3/3
  1137 | D:2      | Reached skill level 4 in Maces & Flails
  1175 | D:2      | Found a faded altar of an unknown god.
  1335 | D:2      | Became a worshipper of Warmaster Okawaru
  1335 | D:2      | Reached * piety under Okawaru
  1378 | D:2      | Noticed a phantom
  1430 | D:2      | Killed a phantom
  1430 | D:2      | Reached XP level 4. HP: 15/28 MP: 2/4
  1430 | D:2      | Reached XP level 5. HP: 17/32 MP: 2/5
  1601 | D:2      | Reached skill level 5 in Maces & Flails
  1676 | D:2      | Reached ** piety under Okawaru
  2310 | D:3      | Found a transporter.
  2316 | D:3      | Noticed KrasnyyBoyets's ghost (amateur HaAs)
  2661 | D:3      | Found a hide-covered altar of Uskayaw.
  2996 | D:3      | Found a transporter.
  3328 | D:4      | Found Mesi's Book Boutique.
  3332 | D:4      | Reached XP level 6. HP: 32/38 MP: 6/6
  3542 | D:4      | Found a glowing drain.
  3566 | Sewer    | Entered a sewer
  3671 | Sewer    | Noticed Purgy
  3686 | Sewer    | Killed Purgy
  3686 | Sewer    | Reached skill level 6 in Maces & Flails
  4393 | D:5      | Entered Level 5 of the Dungeon
  4401 | D:4      | Reached XP level 7. HP: 36/44 MP: 7/7
  4497 | D:5      | Reached skill level 5 in Fighting
  4933 | D:5      | Found a staircase to the Ecumenical Temple.
  5063 | D:5      | Reached skill level 7 in Maces & Flails
  5221 | D:6      | Found Gakorrum's Magic Scroll Shoppe.
  5250 | D:6      | Got a smoking ring mail
  5260 | D:6      | Identified the +3 ring mail "Igoah" {Stlth+} (You found it
                  | on level 6 of the Dungeon)
  5446 | D:6      | Reached XP level 8. HP: 51/51 MP: 8/8
  5482 | D:6      | Reached skill level 8 in Maces & Flails
  5628 | D:6      | Reached *** piety under Okawaru
  5732 | D:6      | Reached skill level 9 in Maces & Flails
  5903 | D:6      | Found Juykof's Antique Weapon Shop.
  5963 | D:6      | Found an opulent altar of Gozag.
  5963 | D:6      | Found a basalt altar of Yredelemnul.
  5968 | D:6      | Found a faded altar of an unknown god.
  5970 | D:6      | Found a faded altar of an unknown god.
  5972 | D:6      | Found a glowing silver altar of Zin.
  6321 | D:6      | Reached XP level 9. HP: 57/57 MP: 9/9
  6691 | D:7      | Reached skill level 10 in Maces & Flails
  6878 | D:7      | Reached **** piety under Okawaru
  7068 | D:7      | Reached skill level 11 in Maces & Flails
  7349 | D:7      | Received a gift from Okawaru
  7614 | D:8      | Reached ***** piety under Okawaru
  7614 | D:8      | Reached XP level 10. HP: 66/66 MP: 10/10
  7669 | D:8      | Noticed a two-headed ogre
  7689 | D:8      | Killed a two-headed ogre
  7689 | D:8      | Reached skill level 12 in Maces & Flails
  7996 | D:8      | Noticed a two-headed ogre
  8008 | D:8      | Killed a two-headed ogre
  8037 | D:9      | Reached skill level 10 in Fighting
  8349 | D:8      | Reached skill level 1 in Invocations
  8910 | D:9      | Noticed Erolcha
  9024 | D:9      | Noticed Pikel
  9034 | D:9      | Killed Pikel
  9034 | D:9      | Reached skill level 13 in Maces & Flails
  9114 | D:9      | Got a warped hunting sling
  9181 | D:10     | Entered Level 10 of the Dungeon
  9184 | D:10     | Found a staircase to the Lair.
  9317 | Lair:1   | Entered Level 1 of the Lair of Beasts
  9340 | D:10     | Reached XP level 11. HP: 31/73 MP: 10/13
  9906 | Lair:1   | Received a gift from Okawaru
  9911 | Lair:1   | Identified the +3 hunting sling of Wrongful Imprisonment
                  | {velocity, *Slow rElec rPois rF-} (You found it on level 9
                  | of the Dungeon)
 10040 | Lair:1   | Noticed a four-headed hydra
 10055 | Lair:1   | Noticed an eight-headed hydra
 10058 | Lair:1   | Killed a four-headed hydra
 10066 | Lair:1   | Killed an eight-headed hydra
 11255 | Lair:1   | Received a gift from Okawaru
 11255 | Lair:1   | Reached skill level 14 in Maces & Flails
 11255 | Lair:1   | Reached skill level 5 in Invocations
 11488 | Lair:2   | Found a staircase to the Shoals.
 11489 | Lair:2   | Noticed a manticore
 11496 | Lair:2   | Killed a manticore
 11496 | Lair:2   | Reached XP level 12. HP: 64/80 MP: 16/16
 11762 | Lair:2   | Noticed Gastronok
 11793 | Lair:2   | Killed Gastronok
 12402 | Lair:2   | Noticed Harold
 12424 | Lair:2   | Killed Harold
 12526 | Lair:2   | Got a brightly glowing flail
 12527 | Lair:2   | Identified the +3 flail "Vophommi" {holy, MR+ Int+6} (You
                  | found it on level 2 of the Lair of Beasts)
 13261 | Lair:2   | Received a gift from Okawaru
 13261 | Lair:2   | Reached skill level 5 in Dodging
 13445 | Lair:3   | Noticed Nergalle
 13455 | Lair:3   | Killed Nergalle
 13455 | Lair:3   | Reached skill level 15 in Maces & Flails
 14309 | Lair:4   | Learned a level 2 spell: Sticks to Snakes
 14414 | Lair:4   | Found a runed translucent gate.
 14415 | Lair:4   | Found a runed translucent gate.
 14416 | Lair:4   | Found a runed translucent gate.
 14418 | Lair:4   | Noticed Aricsoirch's ghost (journeyman GrFi)
 14453 | Lair:4   | Found a staircase to the Snake Pit.
 14677 | Lair:4   | Reached XP level 13. HP: 83/86 MP: 18/18
 15427 | Lair:4   | Received a gift from Okawaru
 16310 | Lair:5   | Reached skill level 16 in Maces & Flails
 16567 | Lair:5   | Received a gift from Okawaru
 17851 | D:10     | Noticed Psyche
 18172 | D:10     | Killed Psyche
 18562 | D:11     | Found a frozen archway.
 18587 | IceCv    | Entered an ice cave
 18713 | IceCv    | Received a gift from Okawaru
 19015 | IceCv    | Gained mutation: Your large and strong wings let you fly
                  | indefinitely. [Gargoyle growth]
 19015 | IceCv    | Reached XP level 14. HP: 88/94 MP: 15/20
 19327 | D:11     | Found a staircase to the Orcish Mines.
 21519 | Orc:1    | Entered Level 1 of the Orcish Mines
 21729 | Orc:2    | Entered Level 2 of the Orcish Mines
 21872 | Orc:1    | Reached skill level 10 in Invocations
 21901 | Orc:2    | Reached skill level 17 in Maces & Flails
 22106 | Orc:1    | Found Maceuq's General Store.
 22198 | Orc:1    | Noticed Jorgrun
 22215 | Orc:1    | Killed Jorgrun
 22410 | Orc:2    | Found Kecagiwala's Weapon Shop.
 22628 | Orc:2    | Received a gift from Okawaru
 23175 | Orc:2    | Got a steaming scale mail {god gift}
 23191 | Orc:1    | Identified the +3 scale mail of Kois {+Blink rF+} (Okawaru
                  | gifted it to you on level 2 of the Orcish Mines)
 23346 | Orc:2    | Paralysed by an orc sorcerer for 6 turns
 23578 | Orc:2    | Found Tiaqyr's Antique Weapon Shoppe.
 23585 | Orc:2    | Reached skill level 1 in Evocations
 23593 | Orc:2    | Found Macipu Lugut's Gadget Shoppe.
 23595 | Orc:2    | Found Buun Affum's Armour Shop.
 23882 | D:13     | Reached XP level 15. HP: 62/100 MP: 22/22
 24191 | Snake:1  | Entered Level 1 of the Snake Pit
 24876 | D:13     | Identified 3 scrolls of acquirement
 24962 | D:13     | Got a smoking plate armour
 24987 | D:12     | Identified the +7 plate armour "Ypetaibaf" {rN+ Slay+5}
                  | (You found it on level 13 of the Dungeon)
 25360 | D:13     | Reached skill level 1 in Armour
 25501 | D:13     | Found a gate to the Vaults.
 25592 | D:14     | Noticed Josephine
 25610 | D:14     | Killed Josephine
 25694 | D:14     | Found a flagged portal.
 25739 | Bailey   | Entered a bailey
 26027 | Bailey   | Got a shimmering crystal plate armour
 26092 | Bailey   | Identified the cursed +0 crystal plate armour "Liavunipt"
                  | {rC+ Str+4} (You found it in a bailey)
 26445 | D:14     | Reached skill level 18 in Maces & Flails
 26549 | D:14     | Found a stormy altar of Qazlal.
 26554 | D:14     | Noticed Nessos
 26565 | D:14     | Killed Nessos
 26730 | D:14     | Received a gift from Okawaru
 26739 | D:14     | Got a crystal quarterstaff {god gift}
 26740 | D:14     | Identified the +1 quarterstaff "Eviscerator" {freeze,
                  | rPois} (Okawaru gifted it to you on level 14 of the
                  | Dungeon)
 27329 | D:15     | Entered Level 15 of the Dungeon
 27641 | Shoals:1 | Entered Level 1 of the Shoals
 28223 | Shoals:1 | Noticed a titan
 28223 | Shoals:1 | Noticed a frost giant
 28605 | Shoals:1 | Killed a frost giant
 28605 | Shoals:1 | Received a gift from Okawaru
 28840 | Shoals:1 | Killed a titan
 29230 | Shoals:1 | Reached XP level 16. HP: 107/107 MP: 23/23
 29540 | Shoals:1 | Reached skill level 5 in Armour
 29540 | Shoals:1 | Reached skill level 5 in Evocations
 29542 | Shoals:1 | Received a gift from Okawaru
 29548 | Shoals:1 | Got a scorched dire flail {god gift}
 29549 | Shoals:1 | Identified the +10 dire flail "Poqem" {drain, MR++ Str+5}
                  | (Okawaru gifted it to you on level 1 of the Shoals)
 29851 | Shoals:2 | Reached skill level 15 in Fighting
 30429 | Shoals:2 | Noticed Polyphemus
 30442 | Shoals:2 | Killed Polyphemus
 30761 | Shoals:2 | Found a runed translucent gate.
 30761 | Shoals:2 | Found a runed translucent gate.
 30761 | Shoals:2 | Found a runed translucent gate.
 30763 | Shoals:2 | Found an opulent altar of Gozag.
 30805 | Shoals:2 | Noticed Meoqees's ghost (adept MiFi)
 31169 | Shoals:2 | Received a gift from Okawaru
 31169 | Shoals:2 | Reached skill level 19 in Maces & Flails
 31172 | Shoals:2 | Got a spiked plate armour {god gift}
 31250 | Shoals:1 | Identified the +1 plate armour of the Failed Coup {rF+}
                  | (Okawaru gifted it to you on level 2 of the Shoals)
 31820 | Shoals:3 | Reached skill level 1 in Transmutations
 31846 | Shoals:3 | HP: 4/108 [water nymph/the raging water (23)]
 31846 | Shoals:3 | Hit by a javelin thrown by a merfolk javelineer

Levels and vault maps discovered:
D:1:      dpeg_arrival_rhombus, layout_loops_ring, hex_medium
D:2:      layout_loops_corners, chequers_ecumenical_altar_lobes
D:3:      layout_loops_ring, eat_drink_and_be_merry_uskayaw, first_ration,
          gammafunk_ghost_mausoleum, grunt_ministairs_3
D:4:      layout_rooms, serial_shops, kennysheep_little_box,
          portal_sewer_entry_e, interstate_on_off, kennysheep_small_circle
D:5:      layout_basic, minmay_temple_entry_fiery
D:6:      corexii_shack_village, layout_cave_pods,
          chequers_temple_overflow_minitemple, serial_shops,
          nicolae_shop_waterfront, shop
D:7:      layout_loops_ring, the_bakery
D:8:      layout_cave_pools
D:9:      layout_irregular_city, uniq_pikel, uniq_erolcha
D:10:     minmay_ornate_pinched, layout_rooms, lair_entry_dummy, special_room
          [special_room_orc], uniq_psyche
D:11:     minmay_the_grid_triangle_9x9_rhombus_thin
          [minmay_the_grid_triangle_9x9_skeleton,
          minmay_the_grid_triangle_9x9_prize_top_heavy,
          minmay_the_grid_triangle_9x9_checkered,
          minmay_the_grid_triangle_9x9_thin_v], layout_basic, orc_0_dummy,
          portal_ice_cave_entry_pillars_2
D:12:     layout_loops_ring, minmay_hedge_maze
D:13:     layout_roguey, david_vaults_5, minmay_radiant
D:14:     layout_loops_corners, enter_bailey_3, grunt_qazlal_clouds,
          uniq_nessos, uniq_josephine
D:15:     grunt_enter_depths_snipers, layout_long_grid
Lair:1:   layout_cave_pods, gauntlet_entry_generic
Lair:2:   beast_lair_carwin_large_1, layout_chaotic_city,
          minmay_shoals_entry_beasts, st_stairs_12, serial_bayou_pond_e,
          grunt_megastairs_3, uniq_gastronok, uniq_harold
Lair:3:   statuecave_lemuel, layout_misc_corridors, uniq_nergalle
Lair:4:   layout_cave_pods, guppyfry_snake_entry_island,
          gammafunk_ghost_necromancy
Lair:5:   layout_regular_city, minmay_shattered_shrine
Shoals:1: cheibrodos_shoals_gigantism, layout_shoals, hangedman_shoal_volcano
Shoals:2: layout_shoals, ebering_ghost_gozag,
          nicolae_shoals_water_elemental_grotto, uniq_polyphemus
Shoals:3: layout_shoals
Snake:1:  layout_layer_cave, minmay_shoptagon, serial_bayou_shore_b
Orc:1:    layout_diamond_mine, serial_shops, shop, uniq_jorgrun
Orc:2:    st_orc_elflike, layout_diamond_mine, uniq_snorg

Skill      XL: |  1  2  3  4  5  6  7  8  9 10 11 12 13 14 15 16 |
---------------+-------------------------------------------------+-----
Maces & Flails | 4 5 6 7 9 11 13 14 15 16 17 18 19 | 19.2
Fighting       | 3 4 5 7 9 10 11 12 13 14 15 | 15.4
Invocations    | 2 5 7 9 10 | 10.0
Dodging        | 4 5 6 8 |  8.3
Evocations     | 1 4 6 |  6.3
Armour         | 4 6 |  6.7
Transmutations | 1 |  1.1
Throwing       | |  1.7

Action                   |  1- 3 |  4- 6 |  7- 9 | 10-12 | 13-15 | 16-18 || total
-------------------------+-------+-------+-------+-------+-------+-------++-------
Melee: Flail             |   120 |   191 |   396 |       |       |       ||   707
       Punch             |       |     2 |       |     3 |       |       ||     5
       Morningstar       |       |       |    18 |   422 |       |       ||   440
       Great mace        |       |       |       |    78 |  1076 |    12 ||  1166
       Staff             |       |       |       |       |    64 |       ||    64
       Dire flail        |       |       |       |       |       |   214 ||   214
Throw: Stone             |       |       |       |     9 |    50 |       ||    59
Invok: Heroism           |     1 |     2 |       |    13 |    27 |     2 ||    45
       Finesse           |       |       |       |     3 |     6 |       ||     9
 Abil: Stop Flying       |       |       |       |     2 |       |     2 ||     4
       Evoke Flight      |       |       |       |     1 |       |       ||     1
       Fly               |       |       |       |       |     1 |     2 ||     3
Evoke: Wand              |       |       |       |     3 |     2 |     1 ||     6
  Use: Scroll            |       |       |    14 |    10 |    10 |     2 ||    36
       Potion            |       |       |       |     1 |     1 |     2 ||     4
 Stab: Sleeping          |       |     1 |     1 |     2 |     3 |       ||     7
       Distracted        |       |       |     1 |       |       |       ||     1
       Petrified         |       |       |       |       |       |     4 ||     4
       Paralysed         |       |       |       |       |       |     4 ||     4
  Eat: Chunk             |     1 |     8 |     8 |    23 |    22 |     5 ||    67
       Ration            |       |       |     2 |       |     8 |     1 ||    11
Armor: Leather armour    |    58 |       |       |       |       |       ||    58
       Ring mail         |       |   109 |   199 |   287 |   354 |       ||   949
       Scale mail        |       |       |       |       |    76 |       ||    76
       Plate armour      |       |       |       |       |   268 |   173 ||   441
Dodge: Dodged            |    69 |   153 |   202 |   331 |   741 |    80 ||  1576
